 Dungeon Crawl Stone Soup version 0.30-a0-793-g160f7cfddd (webtiles) character file.

Game seed: 7843606418217776336

30 Esekla the Sneak (level 3, 0/20 HPs)
             Began as a Vine Stalker Delver on Feb 19, 2023.
             Slain by a hound (2 damage)
             ... on level 5 of the Dungeon.
             The game lasted 00:01:03 (70 turns).

Esekla the Sneak (Vine Stalker Delver)                Turns: 70, Time: 00:01:04

Health: 0/20       AC:  3    Str: 14    XL:     3   Next: 18%
Magic:  0/5        EV: 11    Int: 12    God:
Gold:   49         SH:  0    Dex: 15    Spells: 4/4 levels left

rFire   . . .      SeeInvis .    a - +0 falchion
rCold   . . .      Faith    .    (no shield)
rNeg    . . .      Spirit   +    b - +0 leather armour
rPois   .          Reflect  .    (no helmet)
rElec   .          Harm     .    (no cloak)
rCorr   .          Rampage  .    (no gloves)
Will    .....                    (no boots)
Stlth   +++                      (no amulet)
HPRegen 0.23/turn                (no ring)
MPRegen 0.09/turn                (no ring)

@: no status effects
A: fangs 2, magic shield, antimagic bite, no potion heal 2
a: no special abilities


You were on level 5 of the Dungeon.
You visited 1 branch of the dungeon, and saw 1 of its levels.

You collected 49 gold pieces.

Inventory:

Hand Weapons
 a - a +0 falchion (weapon)
Armour
 b - a +0 leather armour (worn)
Wands
 g - a wand of digging (3)
Scrolls
 c - a scroll of fog
Potions
 f - a potion of haste
 h - a potion of brilliance {unknown}


   Skills:
 * Level 3.2 Fighting
 * Level 2.1 Long Blades
 + Level 0.2 Armour
 + Level 1.6 Dodging
 - Level 6.0 Stealth
 * Level 1.1 Spellcasting


You had 4 spell levels left.
You didn't know any spells.
Your spell library was empty.

Dungeon Overview and Level Annotations

Branches:
Dungeon (5/15)
 Temple: D:4-7

Altars:


Innate Abilities, Weirdness & Mutations

You have extremely sharp teeth.
When hurt, damage is shared between your health and your magic reserves.
Your bite disrupts and absorbs the magic of your enemies.
Potions cannot restore your health.


Message History

You barely miss the hound. The hound completely misses you.
The hound bites you but does no damage.
You hit the hound. Your bite misses the hound.
The hound is moderately wounded.
The hound bites you but does no damage. The hound bites you.
You completely miss the hound.
The hound is moderately wounded.
The hound bites you but does no damage.
You hit the hound.
The hound is severely wounded.
The hound completely misses you. The hound barely misses you.
You miss the hound.
The hound is severely wounded.
The hound bites you.
* * * LOW HITPOINT WARNING * * *
The hound bites you.
* * * LOW HITPOINT WARNING * * *
You hit the hound but do no damage.
The hound is severely wounded.
The hound bites you but does no damage. The hound bites you.
* * * LOW HITPOINT WARNING * * *
You hit the hound.
You kill the hound!
Your Fighting skill increases to level 3!
Your Long Blades skill increases to level 2!
Your Spellcasting skill increases to level 1!
You have reached level 2!
You have reached level 3!
Your experience leads to an increase in your attributes!
Increase (S)trength, (I)ntelligence, or (D)exterity?
You feel clever. x2
You slash the hound!
The hound is heavily wounded.
The hound barely misses you.
You closely miss the hound. Your bite misses the hound.
The hound is heavily wounded.
The hound bites you.
* * * LOW HITPOINT WARNING * * *
The hound bites you.
You die...

*** **,, *,,,
############*#####*#****,_,
#...#......##....#..*,**,,,
#..........#........,,*,,,,
*..........#........,<*,,,,
*........h@'........,,+,,,,
*,..##)...###....###*,**,,,
*...###'############*,**,,,
#..............<...#,,,,,,,
#...>..............#,,,,,,,
#..................#,,,,,,,
#...##...#######..h#**,,,,,
######...###..##...##***+**
#.........#........O#,,,,,,


You could see a hound.

Vanquished Creatures
  A hound (D:5)
  An orc (D:5)
2 creatures vanquished.

Notes
Turn   | Place    | Note
-------+----------+-------------------------------------------
     0 | D:5      | Esekla the Vine Stalker Delver began the quest for the Orb.
     0 | D:5      | Reached XP level 1. HP: 11/11 MP: 2/2
    23 | D:5      | Noticed a jelly
    29 | D:5      | Noticed a hound
    30 | D:5      | Noticed a black bear
    30 | D:5      | Noticed an ogre
    57 | D:5      | Noticed a hound
    68 | D:5      | Killed a hound
    69 | D:5      | Reached skill level 1 in Spellcasting
    69 | D:5      | Reached XP level 2. HP: 2/16 MP: 1/4
    69 | D:5      | Reached XP level 3. HP: 3/20 MP: 1/5
    70 | D:5      | Slain by a hound

Illustrated notes

Levels and vault maps discovered:
D:5:      layout_gridville, bloody_trog

Skill      XL: |  1 |
---------------+----+-----
Fighting       | 3 |  3.2
Long Blades    | 2 |  2.1
Spellcasting   | 1 |  1.1
Armour         | |  0.2
Dodging        | |  1.6
Stealth        | |  6.0

Action                     || total
---------------------------++-------
  Melee: Falchion          ||    12
    Use: Scroll            ||     2
 Armour: Leather armour    ||     4
  Dodge: Dodged            ||     8

Table legend: (Time is in decaauts)
 A = Elapsed time spent in this place.
 B = Non-inter-level travel time spent in this place.
 C = Inter-level travel time spent in this place.
 D = Time resting spent in this place.
 E = Time spent auto-exploring this place.
 F = Levels seen in this place.
 G = Mean time per level.
                   A        B        C        D        E       F      G
               +--------+--------+--------+--------+--------+-----+--------+
         Total |     72 |     72 |      0 |      0 |      0 |   1 |   72.0 |
       Dungeon |     72 |     72 |      0 |      0 |      0 |   1 |   72.0 |
               +--------+--------+--------+--------+--------+-----+--------+

Top non-repeatable levels by time:
     D:5: 72 daAuts
